 Dungeon Crawl Stone Soup version 0.25.1-1-g288607f (webtiles) character file.

Game seed: 1544247576240771137

978 RonnieColeman the Magician (level 8, -1/52 HPs)
             Began as an Octopode Fire Elementalist on Aug 20, 2020.
             Slain by an orc warrior
             ... wielding a +0 dire flail of holy wrath
              (7 damage)
             ... on level 6 of the Dungeon.
             The game lasted 00:17:32 (6479 turns).

RonnieColeman the Magician (OpFE)                   Turns: 6479, Time: 00:17:33

Health: -1/52      AC:  1    Str:  7    XL:     8   Next: 17%
Magic:  15/15      EV: 13    Int: 20    God:
Gold:   337        SH:  6    Dex: 12    Spells: 15/16 levels left

rFire    . . .     SeeInvis .   t - +2 dagger (venom)
rCold    . . .     Gourm    .   k - +1 buckler
rNeg     . . .     Faith    .   (helmet restricted)
rPois    +         Spirit   .   u - amulet of magic regeneration
rElec    .         Reflect  .   l - ring of poison resistance
rCorr    +         Harm     .   s - ring of resist corrosion
MR       .....                  (no ring)
Stlth    +++.......             (no ring)
HPRegen  0.17/turn              (no ring)
MPRegen  0.39/turn              (no ring)
                                (no ring)
                                (no ring)

@: no status effects
A: almost no armour, stealthy swim, amphibious, 8 rings, constrict 8, camouflage
1, gelatinous body 1
a: no special abilities


You were on level 6 of the Dungeon.
You were hungry.

You visited 1 branch of the dungeon, and saw 6 of its levels.

You collected 337 gold pieces.

Inventory:

Hand Weapons
 f - a +0 spear
 t - a +2 dagger of venom (weapon)
Armour
 k - a +1 buckler (worn)
Jewellery
 l - a ring of poison resistance (left tentacle)
 s - a ring of resist corrosion (right tentacle)
 u - an amulet of magic regeneration (around mantle)
Scrolls
 d - 2 scrolls of teleportation
 g - a scroll of enchant armour
 i - 4 scrolls of remove curse
Potions
 a - a potion of haste
 c - a potion of invisibility
 e - a potion of cancellation
 h - a potion of berserk rage
 j - 2 potions of curing
 m - a potion of magic {unknown}
 n - a potion of lignification
 o - a potion of stabbing {unknown}
 p - 2 potions of brilliance
 q - a potion of ambrosia {unknown}
 r - a potion of heal wounds {unknown}
 w - a potion of flight
Comestibles
 b - 9 rations
 v - a chunk of flesh


   Skills:
 + Level 3.0 Fighting
 - Level 2.0 Dodging
 - Level 2.6 Stealth
 * Level 4.4 Shields
 * Level 4.9 Spellcasting
 + Level 3.5 Conjurations
 + Level 4.6 Fire Magic


You had 15 spell levels left.
You knew the following spells:

 Your Spells              Type           Power        Failure   Level  Hunger
a - Foxfire               Conj/Fire      ###.         2%          1    None

Your spell library contained the following spells:

 Spells                   Type           Power        Failure   Level  Hunger
 Conjure Flame            Conj/Fire      ###.....     6%          3    ##.....
 Inner Flame              Hex/Fire       ##......     14%         3    ##.....
 Sticky Flame             Conj/Fire      ###.....     22%         4    ####...
 Fireball                 Conj/Fire      ###.......   52%         5    ######.


Dungeon Overview and Level Annotations

Branches:
Dungeon (6/15)
 Temple: D:4-7

Altars:
Makhleb
Ru
Zin
The Shining One

Shops:
D:4 :   D:5 (

Annotations:
D:5 1 runed translucent door, Zerd's ghost, novice DEIE


Innate Abilities, Weirdness & Mutations

You cannot wear most types of armour.
You are very stealthy in the water. (Stealth+)
You are amphibious.
You can wear up to eight rings at the same time.
You can use your tentacles to constrict eight enemies at once.
Your skin changes colour to match your surroundings (Stealth+).
Your rubbery body absorbs attacks. (AC +1, EV +1)


Message History

You hit the orc warrior.
The orc warrior is poisoned.
The orc warrior is lightly wounded.
You constrict the orc warrior.
The orc warrior hits you with a +0 dire flail of holy wrath!
You hit the orc warrior.
The orc warrior looks even sicker.
The orc warrior is moderately wounded.
You constrict the orc warrior, but do no damage.
You block the orc warrior's attack.
You release your grip on the orc warrior.
The orc priest calls upon Beogh to heal the orc priest.
The orc priest is healed somewhat.
The orc priest invokes the aid of Beogh against you.
Beogh smites you!
* * * LOW HITPOINT WARNING * * *
The orc priest invokes the aid of Beogh against you.
Beogh smites you!
* * * LOW HITPOINT WARNING * * *
You feel better.
The orc warrior hits you with a +0 dire flail of holy wrath!
You die...

. #######.<....... .
#.............
.#####.###.########
...............#
..####.###.)##.# #
..####รท# #..##.# .#
.....(.# #..##.#####..#
..####.###..##.#.o%oo.#
...............#@####.#
#.####.###..####.# #.#
#.# #..####.### #.####.#
#..##.....#
.......###(.##.....##..#
#......(....().........#
#.############.....###.#
#.# #.....# #..o.oo..
###.###


You could see an orc warrior (very poisoned) and 2 orc priests.

Vanquished Creatures
  Grinder (D:4)
  Duvessa (D:4)
  A big kobold (D:6)
  Dowan (D:4)
  A bullfrog zombie (D:5)
  A howler monkey (D:3)
  A crimson imp (D:5)
  A hound (D:4)
  An orc priest (D:3)
  A jelly (D:5)
  An orc wizard (D:3)
  Natasha (D:4)
  2 worker ants (D:5)
  14 adders
  An ooze (D:5)
  4 worms
  2 dart slugs
  4 leopard geckos
  22 orcs
  12 bats
  4 giant cockroaches
  7 goblins
  9 hobgoblins
  A jackal (D:3)
  10 kobolds
  2 quokkas
  2 ball pythons
  3 frilled lizards
  2 quokka skeletons
  4 rats
117 creatures vanquished.

Vanquished Creatures (others)
  138 foxfires
138 creatures vanquished.

Grand Total: 255 creatures vanquished

Notes
Turn   | Place    | Note
-------+----------+-------------------------------------------
     0 | D:1      | RonnieColeman the Octopode Fire Elementalist began the
                  | quest for the Orb.
     0 | D:1      | Reached XP level 1. HP: 11/11 MP: 3/3
   167 | D:1      | Reached XP level 2. HP: 17/17 MP: 1/5
  1479 | D:2      | Reached XP level 3. HP: 16/21 MP: 7/7
  1771 | D:2      | Found a glowing golden altar of the Shining One.
  1771 | D:2      | Found a glowing silver altar of Zin.
  1928 | D:2      | Found a burning altar of Makhleb.
  1928 | D:2      | Noticed an Executioner
  1991 | D:2      | Found a faded altar of an unknown god.
  2419 | D:3      | Reached skill level 1 in Shields
  2419 | D:3      | Reached XP level 4. HP: 27/27 MP: 5/8
  2746 | D:3      | Reached skill level 1 in Fighting
  2898 | D:3      | Reached XP level 5. HP: 17/33 MP: 5/9
  3541 | D:3      | Reached XP level 6. HP: 33/38 MP: 8/11
  4132 | D:4      | Noticed Duvessa
  4138 | D:4      | Noticed Dowan
  4238 | D:4      | Found a sacrificial altar of Ru.
  4399 | D:4      | Killed Duvessa
  4427 | D:4      | Killed Dowan
  4427 | D:4      | Reached XP level 7. HP: 15/45 MP: 7/13
  4646 | D:4      | You fall into a shaft and drop 1 floor!
  4646 | D:5      | Entered Level 5 of the Dungeon
  4883 | D:5      | Found Lufiwav's Weapon Shop.
  5547 | D:4      | Noticed Natasha
  5555 | D:4      | Killed Natasha
  5623 | D:4      | Noticed Grinder
  5631 | D:4      | Killed Grinder
  5813 | D:4      | Found Efiebosm's Book Emporium.
  5992 | D:5      | Reached XP level 8. HP: 21/51 MP: 15/15
  6301 | D:5      | Found a runed translucent door.
  6319 | D:5      | Noticed Zerd's ghost (novice DEIE)
  6478 | D:6      | HP: 1/52 [orc priest/divine providence (8)]
  6479 | D:6      | Slain by an orc warrior

Illustrated notes

Levels and vault maps discovered:
D:1:      heliophobic_arrival_henge, layout_basic, minivault_26
D:2:      layout_basic, gammafunk_temple_overflow_pools,
          chequers_ecumenical_altar_simple, makhleb_altar_promises_db
D:3:      layout_loops_ring, first_ration, st_stairs_12
D:4:      layout_loops_corners, serial_shops, kennysheep_mini_moat,
          minivault_11, hangedman_ru_absence, uniq_natasha, uniq_duvessa,
          uniq_grinder
D:5:      layout_rooms, serial_shops, shop, ebering_ghost_inner_flame
D:6:      layout_loops_ring

Skill      XL: |  1  2  3  4  5  6  7  8 |
---------------+-------------------------+-----
Shields        | 1 2 3 4 |  4.4
Spellcasting   | 3 4 |  4.9
Conjurations   | 2 3 |  3.5
Fighting       | 1 2 3 |  3.0
Fire Magic     | 4 |  4.6
Dodging        | |  2.0
Stealth        | |  2.6

Action                   |  1- 3 |  4- 6 |  7- 9 || total
-------------------------+-------+-------+-------++-------
Melee: Dagger            |    17 |    53 |   107 ||   177
       Constrict         |    10 |    32 |    26 ||    68
       Tentacles         |     3 |    15 |    19 ||    37
       Unarmed           |     1 |       |       ||     1
       Spear             |    44 |    62 |       ||   106
 Cast: Foxfire           |    33 |    53 |    11 ||    97
  Use: Scroll            |       |     8 |     5 ||    13
       Potion            |       |       |     1 ||     1
 Stab: Sleeping          |     6 |     2 |     5 ||    13
  Eat: Chunk             |     5 |     6 |     6 ||    17
Armor: Skin              |    12 |    12 |     3 ||    27
Dodge: Dodged            |    41 |    82 |    50 ||   173
Block: Buckler           |     9 |    26 |    21 ||    56
